Staline vs Wiprows
Created - 6 mars 2016 at 19:34
Goals
|
| Staline |
2 |
0 |
4 |
6 |
| Wiprows |
0 |
0 |
3 |
3 |
|
Shots
|
| Staline |
16 |
8 |
16 |
40 |
| Wiprows |
10 |
6 |
8 |
24 |
|
1st period
1. Staline , Andrei Loktionov 31 (Nick Spaling, Brian Gionta) at 10:43 (PP)
2. Staline , Brian Gionta 22 (Nick Spaling, Andrei Loktionov) at 12:07
Penalties :
T.J. Oshie (Win) for Goalie Interference (Minor) at 9:34, Tim Conboy (Win) for Tripping (Minor) at 14:32, Nick Spaling (StJ) for Goalie Interference (Minor) at 18:40
2nd period
No Goal
Penalties :
Aaron Ness (StJ) for Boarding (Minor) at 2:25, Kevin Connauton (Win) for Hooking (Minor) at 13:41, Nick Spaling (StJ) for Holding (Minor) at 15:15
3rd period
3. Staline , Nick Spaling 21 (Brian Gionta) at 0:40
4. Wiprows , Maxime Macenauer 9 (Tim Conboy, Eric Tangradi) at 2:37
5. Wiprows , Brandon Bollig 18 (Thomas Hickey, Kevin Connauton) at 3:53
6. Staline , Jiri Tlusty 24 (Yan Stastny, Tobias Stephan) at 10:43 (PP)
7. Wiprows , Michael Del Zotto 21 (T.J. Oshie, Matt Niskanen) at 10:51
8. Staline , Brian Gionta 23 (Andrei Loktionov, Nick Spaling) at 10:59
9. Staline , Yan Stastny 16 (Jiri Tlusty, Bryan Bickell) at 11:31
Penalties :
Stu Bickel (StJ) for Tripping (Minor) at 6:45, Maxime Macenauer (Win) for Hooking (Minor) at 10:08, Philip Larsen (StJ) for Roughing (Minor) at 12:41, Torey Krug (StJ) for Holding (Minor) at 12:58, Brandon Bollig (Win) for Cross-checking (Minor) at 15:55, Michael Chaput (Win) for Slashing (Minor) at 19:17
Goalie Stats
Tobias Stephan (StJ), 21 saves from 24 shots - (0,875), W, 24-13-1, 60:00 minutes
Anders Lindback (Win), 34 saves from 40 shots - (0,850), L, 14-18-6, 60:00 minutes
Players Stats for Staline
Player Name G A P +/- PIM S H SB GA TA FO MP PP MP PK MP
------------------------------------------------------------------------------------
Aaron Ness 0 0 0 0 2 0 2 1 1 0 0/0 7:24 0:00 0:38
Andrei Loktionov 1 2 3 1 0 4 3 0 0 0 19/34 22:46 4:54 5:25
Brendan Shinnimin 0 0 0 0 0 0 0 0 0 0 0/1 3:58 0:00 1:27
Brian Gionta 2 2 4 1 0 3 1 3 2 1 3/3 19:11 4:54 2:29
Bryan Bickell 0 1 1 1 0 6 0 0 0 0 1/2 16:57 3:04 0:58
Cody Eakin 0 0 0 0 0 0 2 0 1 0 2/3 7:00 0:00 0:09
Danny Kristo 0 0 0 0 0 2 0 0 0 1 0/0 6:51 0:00 0:00
David Desharnais 0 0 0 -1 0 1 1 0 0 0 2/3 9:32 0:00 0:00
David Kolomatis 0 0 0 0 0 1 0 0 1 1 0/0 11:30 0:00 2:14
Greg Pateryn 0 0 0 0 0 0 0 1 0 0 0/0 4:16 0:00 0:00
James Sheppard 0 0 0 -1 0 1 0 0 0 0 1/1 9:32 0:00 0:00
Jiri Sekac 0 0 0 0 0 0 0 0 0 0 0/0 0:00 0:00 0:00
Jiri Tlusty 1 1 2 1 0 7 1 1 1 0 0/0 16:27 3:04 2:29
Jordan Caron 0 0 0 -1 0 1 1 0 0 0 0/0 9:32 0:00 0:00
Mark Fraser 0 0 0 -1 0 0 0 0 0 0 0/0 19:16 3:56 3:37
Mark Mitera 0 0 0 0 0 0 0 0 0 1 0/0 9:16 0:00 0:00
Mark Stone 0 0 0 0 0 0 0 0 0 0 0/0 0:27 0:00 0:00
Nick Spaling 1 3 4 1 4 4 1 0 0 0 0/0 16:47 4:53 0:00
Peter Holland 0 0 0 0 0 0 0 0 0 0 0/0 0:00 0:00 0:00
Philip Larsen 0 0 0 -1 2 0 0 3 0 0 0/0 18:43 3:56 3:05
Stu Bickel 0 0 0 2 2 2 1 3 0 1 0/0 26:19 4:02 5:06
Teemu Pulkkinen 0 0 0 0 0 1 0 0 0 0 0/0 6:51 0:00 0:00
Torey Krug 0 0 0 2 2 4 1 2 0 1 0/0 26:08 4:02 4:59
Yan Stastny 1 1 2 1 0 3 0 0 0 2 10/16 19:17 3:04 4:49
Players Stats for Wiprows
Player Name G A P +/- PIM S H SB GA TA FO MP PP MP PK MP
------------------------------------------------------------------------------------
Anton Lander 0 0 0 -1 0 0 1 1 1 1 16/40 23:21 4:03 5:28
Brandon Bollig 1 0 1 1 2 1 0 0 0 0 0/0 11:02 0:00 0:00
Cade Fairchild 0 0 0 1 0 0 0 0 0 0 0/0 12:12 0:00 0:00
Drayson Bowman 0 0 0 -1 0 3 0 1 1 0 1/1 18:58 5:29 0:18
Eric Tangradi 0 1 1 -1 0 4 0 0 0 0 0/0 17:11 4:15 1:16
Gord Baldwin 0 0 0 1 0 0 0 0 0 0 0/0 16:11 0:10 3:37
Jonathan Tremblay 0 0 0 1 0 0 1 0 0 1 1/1 13:01 0:00 1:51
Jordan Szwarz 0 0 0 0 0 2 0 0 0 0 0/0 7:22 0:15 0:00
Kevin Connauton 0 1 1 1 2 0 0 0 0 1 0/0 14:52 3:42 0:00
Matt Beleskey 0 0 0 0 0 0 0 1 1 0 0/1 10:02 4:23 0:00
Matt Niskanen 0 1 1 -3 0 2 0 3 3 0 0/0 28:46 6:05 4:21
Maxime Macenauer 1 0 1 -1 2 1 1 0 0 0 2/6 14:05 0:00 1:47
Michael Chaput 0 0 0 1 2 1 1 1 1 1 5/13 15:29 5:28 0:43
Michael Del Zotto 1 0 1 -3 0 4 3 0 0 0 0/0 29:04 5:58 4:21
T.J. Oshie 0 1 1 -1 2 2 1 0 1 1 0/0 23:24 5:09 4:33
Thomas Hickey 0 1 1 1 0 1 1 0 0 1 0/0 19:02 3:42 3:37
Tim Conboy 0 1 1 -1 2 3 1 1 0 0 0/0 11:53 0:00 0:00
Tim Schaller 0 0 0 0 0 0 1 0 0 0 0/1 5:36 0:16 0:00
3 Stars
1 - Brian Gionta (StJ)
2 - Andrei Loktionov (StJ)
3 - Nick Spaling (StJ)
Power Play
Staline - 2 on 6 Attempt(s) - 33,33%
Wiprows - 0 on 6 Attempt(s) - 0,00%
Penalty Kill
Staline - 6 on 6 Attempt(s) - 100,00%
- Score 0 goal in Penalty Kill
Wiprows - 4 on 6 Attempt(s) - 66,67%
- Score 0 goal in Penalty Kill
Team Stat
Staline - Hits : 14 - Faceoff Wins : 38 - Blocked Shots : 14 - Penalty Minutes : 12
Wiprows - Hits : 11 - Faceoff Wins : 25 - Blocked Shots : 8 - Penalty Minutes : 12
Official
Referees : Rehman Kyle and Sutherland Kelly
Linesman : Mark Wheler and Tim Nowak
Game Notes
No Game Note
Finance
Level 1 -- Attendance: 1509 (75,45%) -- Ticket Income 42 252 $
Level 2 -- Attendance: 760 (76,00%) -- Ticket Income 9 880 $
Total Attendance: 2269 (75,63%)
Total Ticket Income: 52 132 $
Other Income: 2 607 $
Total Income: 54 739 $
Staline
5 vs 5 Forward
Center Left Wing Right Wing Time % Phy DF OF
1 Andrei Loktionov Nick Spaling Brian Gionta 40 1 2 2
2 Yan Stastny Bryan Bickell Jiri Tlusty 30 1 2 2
3 David Desharnais James Sheppard Jordan Caron 20 1 2 2
4 Cody Eakin Teemu Pulkkinen Danny Kristo 10 1 2 2
5 vs 5 Defense
Defense Defense Time % Phy DF OF
1 Stu Bickel Torey Krug 40 1 2 2
2 Mark Fraser Philip Larsen 30 1 2 2
3 Mark Mitera David Kolomatis 20 1 2 2
4 Aaron Ness Greg Pateryn 10 1 2 2
PowerPlay Forward
Center Left Wing Right Wing Time % Phy DF OF
1 Andrei Loktionov Nick Spaling Brian Gionta 60 1 2 2
2 Yan Stastny Bryan Bickell Jiri Tlusty 40 1 2 2
PowerPlay Defense
Defense Defense Time % Phy DF OF
1 Stu Bickel Torey Krug 60 1 2 2
2 Mark Fraser Philip Larsen 40 1 2 2
Penalty Kill 4 Players Forward
Center Wing Time % Phy DF OF
1 Andrei Loktionov Yan Stastny 60 1 2 2
2 Brian Gionta Jiri Tlusty 40 1 2 2
Penalty Kill 4 Players Defense
Defense Defense Time % Phy DF OF
1 Stu Bickel Torey Krug 60 1 2 2
2 Mark Fraser Philip Larsen 40 1 2 2
Penalty Kill - 3 Players Forward
Forward Time % Phy DF OF
1 Andrei Loktionov 60 1 2 2
2 Yan Stastny 40 1 2 2
Penalty Kill - 3 Players Defense
Defense Defense Time % Phy DF OF
1 Stu Bickel Torey Krug 60 1 2 2
2 Mark Fraser Philip Larsen 40 1 2 2
4 vs 4 Forward
Center Wing Time % Phy DF OF
1 Andrei Loktionov Yan Stastny 60 1 2 2
2 Brian Gionta Jiri Tlusty 40 1 2 2
4 vs 4 Defense
Defense Defense Time % Phy DF OF
1 Stu Bickel Torey Krug 60 1 2 2
2 Mark Fraser Philip Larsen 40 1 2 2
Last Minutes Offensive
Center Left Wing Right Wing Defense Defense
Andrei Loktionov Nick Spaling Brian Gionta Stu Bickel Torey Krug
Last Minutes Defensive
Center Left Wing Right Wing Defense Defense
Andrei Loktionov Nick Spaling Brian Gionta Stu Bickel Torey Krug
Goaltenders
Starting : Tobias Stephan
Backup : Allen York
Extra Forwards
Normal : Mark Stone, Peter Holland, Brendan Shinnimin - PP : Mark Stone, Peter Holland - PK : Brendan Shinnimin
Extra Defensemen
Normal : Mark Mitera, David Kolomatis, Aaron Ness - PP : Mark Mitera - PK : David Kolomatis, Aaron Ness
Penalty Shots
Andrei Loktionov, Yan Stastny, Brian Gionta, Jiri Tlusty, David Desharnais
Wiprows
5 vs 5 Forward
Center Left Wing Right Wing Time % Phy DF OF
1 Anton Lander Drayson Bowman T.J. Oshie 40 0 2 3
2 Maxime Macenauer Eric Tangradi Tim Conboy 30 1 2 2
3 Michael Chaput Brandon Bollig Jonathan Tremblay 20 1 2 2
4 Tim Schaller Matt Beleskey Jordan Szwarz 10 1 2 2
5 vs 5 Defense
Defense Defense Time % Phy DF OF
1 Michael Del Zotto Matt Niskanen 40 1 2 2
2 Thomas Hickey Kevin Connauton 30 1 2 2
3 Gord Baldwin Cade Fairchild 20 1 2 2
4 Michael Del Zotto Matt Niskanen 10 1 2 2
PowerPlay Forward
Center Left Wing Right Wing Time % Phy DF OF
1 Michael Chaput Drayson Bowman T.J. Oshie 60 0 0 5
2 Anton Lander Eric Tangradi Matt Beleskey 40 0 0 5
PowerPlay Defense
Defense Defense Time % Phy DF OF
1 Michael Del Zotto Matt Niskanen 60 0 1 4
2 Thomas Hickey Kevin Connauton 40 0 1 4
Penalty Kill 4 Players Forward
Center Wing Time % Phy DF OF
1 Anton Lander T.J. Oshie 60 0 5 0
2 Maxime Macenauer Jonathan Tremblay 40 0 5 0
Penalty Kill 4 Players Defense
Defense Defense Time % Phy DF OF
1 Michael Del Zotto Matt Niskanen 60 1 4 0
2 Thomas Hickey Gord Baldwin 40 1 4 0
Penalty Kill - 3 Players Forward
Forward Time % Phy DF OF
1 Anton Lander 60 0 5 0
2 Maxime Macenauer 40 0 5 0
Penalty Kill - 3 Players Defense
Defense Defense Time % Phy DF OF
1 Michael Del Zotto Matt Niskanen 60 1 4 0
2 Thomas Hickey Gord Baldwin 40 1 4 0
4 vs 4 Forward
Center Wing Time % Phy DF OF
1 Anton Lander T.J. Oshie 60 1 2 2
2 Maxime Macenauer Eric Tangradi 40 1 2 2
4 vs 4 Defense
Defense Defense Time % Phy DF OF
1 Michael Del Zotto Matt Niskanen 60 1 2 2
2 Thomas Hickey Kevin Connauton 40 1 2 2
Last Minutes Offensive
Center Left Wing Right Wing Defense Defense
Anton Lander Drayson Bowman T.J. Oshie Michael Del Zotto Matt Niskanen
Last Minutes Defensive
Center Left Wing Right Wing Defense Defense
Maxime Macenauer Brandon Bollig Jonathan Tremblay Michael Del Zotto Matt Niskanen
Goaltenders
Starting : Anders Lindback
Backup : Calvin Pickard
Extra Forwards
Normal : Drayson Bowman, Jordan Szwarz, Eric Tangradi - PP : Drayson Bowman, Matt Beleskey - PK : Anton Lander
Extra Defensemen
Normal : Michael Del Zotto, Matt Niskanen, Thomas Hickey - PP : Kevin Connauton - PK : Michael Del Zotto, Gord Baldwin
Penalty Shots
Brandon Bollig, T.J. Oshie, Matt Beleskey, Jonathan Tremblay, Tim Conboy
% Time on Ice - Staline
Lines # - Real PCT - Wanted PCT - Time Play
Normal Forward
1 - 35% - 40% - 14:33
2 - 26% - 30% - 10:54
3 - 23% - 20% - 9:32
4 - 16% - 10% - 6:51
Normal Defense
1 - 41% - 40% - 17:00
2 - 27% - 30% - 11:18
3 - 22% - 20% - 9:16
4 - 10% - 10% - 4:16
PP Forward
1 - 62% - 60% - 4:54
2 - 38% - 40% - 3:04
PP Defense
1 - 51% - 60% - 4:02
2 - 49% - 40% - 3:56
PK Forward
1 - 68% - 60% - 5:30
2 - 32% - 40% - 2:35
PK Defense
1 - 63% - 60% - 5:06
2 - 37% - 40% - 2:59
PK3 Forward
1 - 83% - 60% - 1:25
2 - 17% - 40% - 0:17
PK3 Defense
1 - 63% - 60% - 1:04
2 - 37% - 40% - 0:38
44 Forward
1 - 100% - 60% - 0:25
2 - 0% - 40% - 0:00
44 Defense
1 - 0% - 60% - 0:00
2 - 100% - 40% - 0:25
Last Minute Offensive - 0:00
Last Minute Defensive - 0:00
Total
Forward - 60:00
Defense - 60:00
|
% Time on Ice - Wiprows
Lines # - Real PCT - Wanted PCT - Time Play
Normal Forward
1 - 33% - 40% - 13:46
2 - 30% - 30% - 12:37
3 - 25% - 20% - 10:30
4 - 12% - 10% - 4:57
Normal Defense
1 - 41% - 40% - 17:20
2 - 27% - 30% - 11:18
3 - 29% - 20% - 12:12
4 - 2% - 10% - 1:00
PP Forward
1 - 57% - 60% - 5:32
2 - 43% - 40% - 4:15
PP Defense
1 - 62% - 60% - 6:05
2 - 38% - 40% - 3:42
PK Forward
1 - 77% - 60% - 6:07
2 - 23% - 40% - 1:51
PK Defense
1 - 55% - 60% - 4:21
2 - 45% - 40% - 3:37
PK3 Forward
1 - 0% - 60%
2 - 0% - 40%
PK3 Defense
1 - 0% - 60%
2 - 0% - 40%
44 Forward
1 - 100% - 60% - 0:25
2 - 0% - 40% - 0:00
44 Defense
1 - 0% - 60% - 0:00
2 - 100% - 40% - 0:25
Last Minute Offensive - 0:00
Last Minute Defensive - 0:00
Total
Forward - 60:00
Defense - 60:00
|
Play by Play
1st period
0:01 of 1st period - Andrei Loktionov wins face-off versus Anton Lander in neutral zone.
0:14 of 1st period - Wrist shot by Andrei Loktionov.
0:14 of 1st period - Shot Misses the Net.
1:39 of 1st period - Slapshot by Matt Niskanen.
1:39 of 1st period - Stopped by Tobias Stephan with a rebound.
1:41 of 1st period - Wrist shot by T.J. Oshie.
1:41 of 1st period - Shot Misses the Net.
1:43 of 1st period - Slapshot by Michael Del Zotto.
1:43 of 1st period - Shot Misses the Net.
1:45 of 1st period - Snap shot by Matt Niskanen.
1:45 of 1st period - Stopped by Tobias Stephan with a rebound.
3:06 of 1st period - Snap shot by Matt Beleskey.
3:06 of 1st period - Shot Blocked by Brian Gionta.
3:08 of 1st period - Snap shot by Tim Schaller.
3:08 of 1st period - Shot Misses the Net.
3:18 of 1st period - Snap shot by Yan Stastny.
3:18 of 1st period - Stopped by Anders Lindback with a rebound.
3:20 of 1st period - Slapshot by Torey Krug.
3:20 of 1st period - Stopped by Anders Lindback with a rebound.
3:22 of 1st period - Slapshot by Stu Bickel.
3:22 of 1st period - Stopped by Anders Lindback with a rebound.
3:24 of 1st period - Snap shot by Jiri Tlusty.
3:24 of 1st period - Shot Blocked by Tim Conboy.
3:26 of 1st period - Slapshot by Torey Krug.
3:26 of 1st period - Stopped by Anders Lindback with a rebound.
3:28 of 1st period - Wrist shot by Jiri Tlusty.
3:28 of 1st period - Stopped by Anders Lindback with a rebound.
3:58 of 1st period - Off-side.
3:59 of 1st period - Cody Eakin wins face-off versus Anton Lander in neutral zone.
4:25 of 1st period - Mark Mitera is hit by Jonathan Tremblay and loses puck.
4:36 of 1st period - Kevin Connauton is hit by Cody Eakin and loses puck.
4:47 of 1st period - Wrist shot by Cody Eakin.
4:47 of 1st period - Deflect By Teemu Pulkkinen.
4:47 of 1st period - Shot Blocked by Michael Chaput.
4:47 of 1st period - Puck is out of play.
4:48 of 1st period - Brian Gionta wins face-off versus Anton Lander in Wiprows zone.
6:09 of 1st period - Wrist shot by Andrei Loktionov.
6:09 of 1st period - Shot Misses the Net.
7:36 of 1st period - Snap shot by Tim Conboy.
7:36 of 1st period - Stopped by Tobias Stephan with a rebound.
8:33 of 1st period - Slapshot by Thomas Hickey.
8:33 of 1st period - Shot Blocked by Brian Gionta.
8:35 of 1st period - Slapshot by Thomas Hickey.
8:35 of 1st period - Shot Blocked by Torey Krug.
8:37 of 1st period - Wrist shot by Matt Beleskey.
8:37 of 1st period - Shot Misses the Net.
8:39 of 1st period - Slapshot by Thomas Hickey.
8:39 of 1st period - Stopped by Tobias Stephan without a rebound.
8:40 of 1st period - Yan Stastny wins face-off versus Tim Schaller in Staline zone.
8:49 of 1st period - Wrist shot by Yan Stastny.
8:49 of 1st period - Deflect By Bryan Bickell.
8:49 of 1st period - Stopped by Anders Lindback without a rebound.
8:50 of 1st period - Yan Stastny wins face-off versus Anton Lander in Wiprows zone.
9:27 of 1st period - Slapshot by Yan Stastny.
9:27 of 1st period - Stopped by Anders Lindback without a rebound.
9:28 of 1st period - Andrei Loktionov wins face-off versus Anton Lander in Wiprows zone.
9:34 of 1st period - Minor Penalty to T.J. Oshie for Goalie Interference.
9:35 of 1st period - Anton Lander wins face-off versus Andrei Loktionov in Wiprows zone.
9:35 of 1st period - Anton Lander is hit by Andrei Loktionov.
10:09 of 1st period - Snap shot by Jiri Tlusty.
10:09 of 1st period - Stopped by Anders Lindback without a rebound.
10:10 of 1st period - Yan Stastny wins face-off versus Anton Lander in Wiprows zone.
10:43 of 1st period - Slapshot by Andrei Loktionov.
10:43 of 1st period - Goal by Andrei Loktionov - Staline : 1 - Wiprows : 0.
10:44 of 1st period - Anton Lander wins face-off versus Andrei Loktionov in neutral zone.
10:59 of 1st period - Snap shot by Nick Spaling.
10:59 of 1st period - Shot Blocked by Drayson Bowman.
11:09 of 1st period - Snap shot by Yan Stastny.
11:09 of 1st period - Shot Misses the Net.
11:11 of 1st period - Slapshot by David Kolomatis.
11:11 of 1st period - Stopped by Anders Lindback without a rebound.
11:12 of 1st period - Yan Stastny wins face-off versus Maxime Macenauer in Wiprows zone.
11:13 of 1st period - Slapshot by Jiri Tlusty.
11:13 of 1st period - Deflect By Yan Stastny.
11:13 of 1st period - Shot Misses the Net.
11:13 of 1st period - Puck is out of play.
11:14 of 1st period - Andrei Loktionov wins face-off versus Maxime Macenauer in Wiprows zone.
11:41 of 1st period - Snap shot by Bryan Bickell.
11:41 of 1st period - Deflect By Thomas Hickey.
11:41 of 1st period - Stopped by Anders Lindback without a rebound.
11:42 of 1st period - Anton Lander wins face-off versus Yan Stastny in Wiprows zone.
11:53 of 1st period - Slapshot by Drayson Bowman.
11:53 of 1st period - Stopped by Tobias Stephan without a rebound.
11:54 of 1st period - Andrei Loktionov wins face-off versus Anton Lander in Staline zone.
12:05 of 1st period - Wrist shot by Brian Gionta.
12:05 of 1st period - Shot Hit the Post.
12:07 of 1st period - Snap shot by Brian Gionta.
12:07 of 1st period - Goal by Brian Gionta - Staline : 2 - Wiprows : 0.
12:08 of 1st period - Andrei Loktionov wins face-off versus Anton Lander in neutral zone.
12:39 of 1st period - Snap shot by Jordan Caron.
12:39 of 1st period - Stopped by Anders Lindback with a rebound.
12:53 of 1st period - Slapshot by Jiri Tlusty.
12:53 of 1st period - Deflect By Bryan Bickell.
12:53 of 1st period - Stopped by Anders Lindback without a rebound.
12:54 of 1st period - Michael Chaput wins face-off versus Yan Stastny in Wiprows zone.
13:44 of 1st period - Snap shot by Tim Conboy.
13:44 of 1st period - Stopped by Tobias Stephan with a rebound.
13:46 of 1st period - Snap shot by Eric Tangradi.
13:46 of 1st period - Stopped by Tobias Stephan with a rebound.
13:48 of 1st period - Snap shot by Eric Tangradi.
13:48 of 1st period - Stopped by Tobias Stephan without a rebound.
13:49 of 1st period - Maxime Macenauer wins face-off versus Bryan Bickell in Staline zone.
14:32 of 1st period - Minor Penalty to Tim Conboy for Tripping.
14:33 of 1st period - Anton Lander wins face-off versus Andrei Loktionov in Wiprows zone.
14:44 of 1st period - Wrist shot by Brian Gionta.
14:44 of 1st period - Deflect By Matt Niskanen.
14:44 of 1st period - Shot Blocked by Anton Lander.
14:44 of 1st period - Puck is out of play.
14:45 of 1st period - Brian Gionta wins face-off versus Anton Lander in Wiprows zone.
14:58 of 1st period - Wrist shot by Andrei Loktionov.
14:58 of 1st period - Stopped by Anders Lindback with a rebound.
15:00 of 1st period - Slapshot by Torey Krug.
15:00 of 1st period - Shot Blocked by Matt Niskanen.
15:40 of 1st period - Anton Lander is hit by Jiri Tlusty and loses puck.
16:32 of 1st period - Penalty to Tim Conboy is over, Tim Conboy is back on ice.
16:54 of 1st period - Gord Baldwin is hit by Jordan Caron and loses puck.
17:13 of 1st period - Snap shot by Danny Kristo.
17:13 of 1st period - Stopped by Anders Lindback with a rebound.
17:15 of 1st period - Snap shot by Danny Kristo.
17:15 of 1st period - Shot Misses the Net.
17:25 of 1st period - Backhand shot by Jonathan Tremblay.
17:25 of 1st period - Shot Blocked by Aaron Ness.
18:40 of 1st period - Minor Penalty to Nick Spaling for Goalie Interference.
18:41 of 1st period - Michael Chaput wins face-off versus Andrei Loktionov in Staline zone.
18:47 of 1st period - Snap shot by T.J. Oshie.
18:47 of 1st period - Stopped by Tobias Stephan without a rebound.
18:48 of 1st period - Andrei Loktionov wins face-off versus Michael Chaput in Staline zone.
19:43 of 1st period - Slapshot by Matt Niskanen.
19:43 of 1st period - Shot Misses the Net.
19:45 of 1st period - Wrist shot by Drayson Bowman.
19:45 of 1st period - Stopped by Tobias Stephan without a rebound.
19:46 of 1st period - Anton Lander wins face-off versus Brendan Shinnimin in Staline zone.
Goals for this period are 2 for Staline vs 0 for Wiprows.
Shots for this period are 16 for Staline vs 10 for Wiprows.
2nd period
0:01 of 2nd period - Michael Chaput wins face-off versus Andrei Loktionov in neutral zone.
0:36 of 2nd period - Snap shot by Thomas Hickey.
0:36 of 2nd period - Shot Blocked by Stu Bickel.
0:40 of 2nd period - Penalty to Nick Spaling is over, Nick Spaling is back on ice.
1:00 of 2nd period - Wrist shot by Michael Chaput.
1:00 of 2nd period - Stopped by Tobias Stephan without a rebound.
1:01 of 2nd period - Andrei Loktionov wins face-off versus Michael Chaput in Staline zone.
1:04 of 2nd period - Snap shot by Jonathan Tremblay.
1:04 of 2nd period - Shot Blocked by Philip Larsen.
1:57 of 2nd period - Wrist shot by Yan Stastny.
1:57 of 2nd period - Shot Misses the Net.
1:59 of 2nd period - Snap shot by Jiri Tlusty.
1:59 of 2nd period - Stopped by Anders Lindback with a rebound.
2:17 of 2nd period - Wrist shot by Eric Tangradi.
2:17 of 2nd period - Stopped by Tobias Stephan with a rebound.
2:19 of 2nd period - Slapshot by Gord Baldwin.
2:19 of 2nd period - Shot Blocked by Brian Gionta.
2:25 of 2nd period - Minor Penalty to Aaron Ness for Boarding.
2:26 of 2nd period - Anton Lander wins face-off versus Andrei Loktionov in Staline zone.
2:57 of 2nd period - Snap shot by Matt Niskanen.
2:57 of 2nd period - Shot Blocked by Torey Krug.
3:03 of 2nd period - Slapshot by Stu Bickel.
3:03 of 2nd period - Shot Misses the Net.
4:08 of 2nd period - Drayson Bowman is hit by Brian Gionta and loses puck.
4:25 of 2nd period - Penalty to Aaron Ness is over, Aaron Ness is back on ice.
4:57 of 2nd period - Michael Del Zotto is hit by Aaron Ness and loses puck.
5:02 of 2nd period - Wrist shot by Bryan Bickell.
5:02 of 2nd period - Stopped by Anders Lindback with a rebound.
5:04 of 2nd period - Snap shot by Bryan Bickell.
5:04 of 2nd period - Shot Misses the Net.
5:06 of 2nd period - Wrist shot by Aaron Ness.
5:06 of 2nd period - Shot Misses the Net.
5:08 of 2nd period - Slapshot by Bryan Bickell.
5:08 of 2nd period - Shot Blocked by Matt Niskanen.
5:22 of 2nd period - Snap shot by Bryan Bickell.
5:22 of 2nd period - Shot Hit the Post.
5:24 of 2nd period - Slapshot by Torey Krug.
5:24 of 2nd period - Stopped by Anders Lindback with a rebound.
5:36 of 2nd period - Slapshot by Stu Bickel.
5:36 of 2nd period - Shot Blocked by Matt Niskanen.
6:10 of 2nd period - Jordan Szwarz is hit by Stu Bickel and loses puck.
6:39 of 2nd period - Jonathan Tremblay is hit by Aaron Ness and loses puck.
6:55 of 2nd period - Wrist shot by Bryan Bickell.
6:55 of 2nd period - Stopped by Anders Lindback without a rebound.
6:56 of 2nd period - Andrei Loktionov wins face-off versus Anton Lander in Wiprows zone.
7:05 of 2nd period - Andrei Loktionov is hit by T.J. Oshie.
7:30 of 2nd period - Snap shot by Eric Tangradi.
7:30 of 2nd period - Stopped by Tobias Stephan with a rebound.
11:11 of 2nd period - Icing by Jordan Caron.
11:12 of 2nd period - Michael Chaput wins face-off versus David Desharnais in Staline zone.
11:48 of 2nd period - Backhand shot by Cody Eakin.
11:48 of 2nd period - Shot Blocked by Matt Beleskey.
12:10 of 2nd period - Snap shot by Jordan Szwarz.
12:10 of 2nd period - Shot Blocked by Jiri Tlusty.
12:24 of 2nd period - Slapshot by Nick Spaling.
12:24 of 2nd period - Deflect By Andrei Loktionov.
12:24 of 2nd period - Stopped by Anders Lindback without a rebound.
12:25 of 2nd period - Anton Lander wins face-off versus Andrei Loktionov in Wiprows zone.
12:37 of 2nd period - Off-side.
12:38 of 2nd period - Yan Stastny wins face-off versus Anton Lander in neutral zone.
12:47 of 2nd period - Wrist shot by Yan Stastny.
12:47 of 2nd period - Deflect By Bryan Bickell.
12:47 of 2nd period - Stopped by Anders Lindback without a rebound.
12:48 of 2nd period - Yan Stastny wins face-off versus Anton Lander in Wiprows zone.
12:51 of 2nd period - Wrist shot by Jiri Tlusty.
12:51 of 2nd period - Shot Misses the Net.
12:53 of 2nd period - Slapshot by Bryan Bickell.
12:53 of 2nd period - Shot Hit the Post.
12:55 of 2nd period - Slapshot by Stu Bickel.
12:55 of 2nd period - Stopped by Anders Lindback without a rebound.
12:56 of 2nd period - Yan Stastny wins face-off versus Anton Lander in Wiprows zone.
13:11 of 2nd period - Wrist shot by T.J. Oshie.
13:11 of 2nd period - Shot Blocked by Stu Bickel.
13:32 of 2nd period - Snap shot by Jiri Tlusty.
13:32 of 2nd period - Stopped by Anders Lindback without a rebound.
13:33 of 2nd period - Andrei Loktionov wins face-off versus Anton Lander in Wiprows zone.
13:41 of 2nd period - Minor Penalty to Kevin Connauton for Hooking.
13:42 of 2nd period - Anton Lander wins face-off versus Andrei Loktionov in Wiprows zone.
13:48 of 2nd period - Snap shot by Brian Gionta.
13:48 of 2nd period - Shot Misses the Net.
15:15 of 2nd period - Minor Penalty to Nick Spaling for Holding.
15:16 of 2nd period - Anton Lander wins face-off versus Andrei Loktionov in Staline zone.
15:41 of 2nd period - Penalty to Kevin Connauton is over, Kevin Connauton is back on ice.
16:07 of 2nd period - Bryan Bickell is hit by Michael Chaput and loses puck.
17:14 of 2nd period - Mark Fraser is hit by Michael Del Zotto and loses puck.
17:15 of 2nd period - Penalty to Nick Spaling is over, Nick Spaling is back on ice.
17:39 of 2nd period - Tim Conboy is hit by David Desharnais and loses puck.
17:48 of 2nd period - James Sheppard is hit by Maxime Macenauer and loses puck.
18:42 of 2nd period - James Sheppard is hit by Tim Schaller and loses puck.
18:59 of 2nd period - Wrist shot by Tim Conboy.
18:59 of 2nd period - Stopped by Tobias Stephan with a rebound.
19:02 of 2nd period - Icing by Teemu Pulkkinen.
19:03 of 2nd period - Maxime Macenauer wins face-off versus Cody Eakin in Staline zone.
19:12 of 2nd period - Slapshot by Matt Niskanen.
19:12 of 2nd period - Shot Blocked by Greg Pateryn.
19:14 of 2nd period - Slapshot by Jordan Szwarz.
19:14 of 2nd period - Stopped by Tobias Stephan with a rebound.
19:16 of 2nd period - Slapshot by Michael Del Zotto.
19:16 of 2nd period - Stopped by Tobias Stephan with a rebound.
19:28 of 2nd period - Slapshot by Bryan Bickell.
19:28 of 2nd period - Shot Misses the Net.
19:30 of 2nd period - Snap shot by Yan Stastny.
19:30 of 2nd period - Shot Misses the Net.
19:32 of 2nd period - Snap shot by Yan Stastny.
19:32 of 2nd period - Shot Misses the Net.
Goals for this period are 0 for Staline vs 0 for Wiprows.
Shots for this period are 8 for Staline vs 6 for Wiprows.
3rd period
0:01 of 3rd period - Bryan Bickell wins face-off versus Anton Lander in neutral zone.
0:06 of 3rd period - Wrist shot by Jiri Tlusty.
0:06 of 3rd period - Stopped by Anders Lindback without a rebound.
0:07 of 3rd period - Anton Lander wins face-off versus Yan Stastny in Wiprows zone.
0:38 of 3rd period - Slapshot by Nick Spaling.
0:38 of 3rd period - Stopped by Anders Lindback with a rebound.
0:40 of 3rd period - Snap shot by Nick Spaling.
0:40 of 3rd period - Goal by Nick Spaling - Staline : 3 - Wiprows : 0.
0:41 of 3rd period - Anton Lander wins face-off versus Andrei Loktionov in neutral zone.
1:00 of 3rd period - T.J. Oshie is hit by Nick Spaling and loses puck.
2:31 of 3rd period - Snap shot by Eric Tangradi.
2:31 of 3rd period - Shot Misses the Net.
2:37 of 3rd period - Wrist shot by Maxime Macenauer.
2:37 of 3rd period - Goal by Maxime Macenauer - Staline : 3 - Wiprows : 1.
2:38 of 3rd period - Anton Lander wins face-off versus Yan Stastny in neutral zone.
3:06 of 3rd period - Torey Krug is hit by Thomas Hickey and loses puck.
3:13 of 3rd period - Eric Tangradi is hit by Andrei Loktionov and loses puck.
3:32 of 3rd period - Tim Conboy is hit by Cody Eakin and loses puck.
3:53 of 3rd period - Snap shot by Brandon Bollig.
3:53 of 3rd period - Goal by Brandon Bollig - Staline : 3 - Wiprows : 2.
3:54 of 3rd period - Andrei Loktionov wins face-off versus Anton Lander in neutral zone.
4:46 of 3rd period - Philip Larsen is hit by Tim Conboy and loses puck.
5:07 of 3rd period - Snap shot by Drayson Bowman.
5:07 of 3rd period - Stopped by Tobias Stephan without a rebound.
5:08 of 3rd period - Cody Eakin wins face-off versus Anton Lander in Staline zone.
5:08 of 3rd period - Cody Eakin is hit by Anton Lander.
5:15 of 3rd period - Off-side.
5:16 of 3rd period - Andrei Loktionov wins face-off versus Anton Lander in neutral zone.
5:57 of 3rd period - Off-side.
5:58 of 3rd period - Yan Stastny wins face-off versus Maxime Macenauer in neutral zone.
6:28 of 3rd period - Thomas Hickey is hit by Torey Krug and loses puck.
6:37 of 3rd period - Snap shot by Anton Lander.
6:37 of 3rd period - Shot Misses the Net.
6:39 of 3rd period - Snap shot by Drayson Bowman.
6:39 of 3rd period - Shot Misses the Net.
6:45 of 3rd period - Minor Penalty to Stu Bickel for Tripping.
6:46 of 3rd period - Andrei Loktionov wins face-off versus Michael Chaput in Staline zone.
6:55 of 3rd period - T.J. Oshie is hit by Andrei Loktionov and loses puck.
7:22 of 3rd period - Slapshot by Michael Del Zotto.
7:22 of 3rd period - Stopped by Tobias Stephan with a rebound.
7:57 of 3rd period - Icing by Drayson Bowman.
7:58 of 3rd period - Andrei Loktionov wins face-off versus Matt Beleskey in Wiprows zone.
8:45 of 3rd period - Penalty to Stu Bickel is over, Stu Bickel is back on ice.
9:02 of 3rd period - Wrist shot by Tim Schaller.
9:02 of 3rd period - Shot Blocked by Philip Larsen.
9:04 of 3rd period - Snap shot by Jordan Szwarz.
9:04 of 3rd period - Stopped by Tobias Stephan with a rebound.
9:48 of 3rd period - Slapshot by David Desharnais.
9:48 of 3rd period - Stopped by Anders Lindback with a rebound.
10:08 of 3rd period - Minor Penalty to Maxime Macenauer for Hooking.
10:09 of 3rd period - Brian Gionta wins face-off versus Anton Lander in Wiprows zone.
10:43 of 3rd period - Slapshot by Jiri Tlusty.
10:43 of 3rd period - Goal by Jiri Tlusty - Staline : 4 - Wiprows : 2.
10:44 of 3rd period - Anton Lander wins face-off versus Andrei Loktionov in neutral zone.
10:51 of 3rd period - Snap shot by Michael Del Zotto.
10:51 of 3rd period - Deflect By Torey Krug.
10:51 of 3rd period - Goal by Michael Del Zotto - Staline : 4 - Wiprows : 3.
10:52 of 3rd period - Andrei Loktionov wins face-off versus Anton Lander in neutral zone.
10:55 of 3rd period - Wrist shot by Andrei Loktionov.
10:55 of 3rd period - Shot Misses the Net.
10:57 of 3rd period - Wrist shot by Brian Gionta.
10:57 of 3rd period - Shot Misses the Net.
10:59 of 3rd period - Snap shot by Brian Gionta.
10:59 of 3rd period - Goal by Brian Gionta - Staline : 5 - Wiprows : 3.
11:00 of 3rd period - Anton Lander wins face-off versus Andrei Loktionov in neutral zone.
11:31 of 3rd period - Snap shot by Yan Stastny.
11:31 of 3rd period - Goal by Yan Stastny - Staline : 6 - Wiprows : 3.
11:32 of 3rd period - Anton Lander wins face-off versus Yan Stastny in neutral zone.
11:41 of 3rd period - Backhand shot by T.J. Oshie.
11:41 of 3rd period - Shot Misses the Net.
11:43 of 3rd period - Snap shot by Michael Del Zotto.
11:43 of 3rd period - Stopped by Tobias Stephan without a rebound.
11:44 of 3rd period - Andrei Loktionov wins face-off versus Anton Lander in Staline zone.
11:57 of 3rd period - Wrist shot by Brian Gionta.
11:57 of 3rd period - Shot Misses the Net.
11:59 of 3rd period - Slapshot by Stu Bickel.
11:59 of 3rd period - Shot Misses the Net.
12:09 of 3rd period - Jiri Tlusty is hit by Michael Del Zotto and loses puck.
12:20 of 3rd period - Wrist shot by Tim Conboy.
12:20 of 3rd period - Shot Blocked by Stu Bickel.
12:34 of 3rd period - Snap shot by David Desharnais.
12:34 of 3rd period - Shot Misses the Net.
12:36 of 3rd period - Backhand shot by Torey Krug.
12:36 of 3rd period - Stopped by Anders Lindback without a rebound.
12:37 of 3rd period - David Desharnais wins face-off versus Anton Lander in Wiprows zone.
12:41 of 3rd period - Minor Penalty to Philip Larsen for Roughing.
12:42 of 3rd period - Michael Chaput wins face-off versus Andrei Loktionov in Staline zone.
12:58 of 3rd period - Minor Penalty to Torey Krug for Holding.
12:59 of 3rd period - Andrei Loktionov wins face-off versus Michael Chaput in Staline zone.
13:05 of 3rd period - Snap shot by Andrei Loktionov.
13:05 of 3rd period - Shot Misses the Net.
14:41 of 3rd period - Penalty to Philip Larsen is over, Philip Larsen is back on ice.
14:44 of 3rd period - Snap shot by Matt Beleskey.
14:44 of 3rd period - Shot Blocked by Philip Larsen.
14:46 of 3rd period - Snap shot by Matt Beleskey.
14:46 of 3rd period - Deflect By Eric Tangradi.
14:46 of 3rd period - Shot Misses the Net.
14:46 of 3rd period - Puck is out of play.
14:47 of 3rd period - Drayson Bowman wins face-off versus Andrei Loktionov in Staline zone.
14:48 of 3rd period - Wrist shot by T.J. Oshie.
14:48 of 3rd period - Stopped by Tobias Stephan without a rebound.
14:49 of 3rd period - Andrei Loktionov wins face-off versus Michael Chaput in Staline zone.
14:58 of 3rd period - Penalty to Torey Krug is over, Torey Krug is back on ice.
15:04 of 3rd period - Snap shot by Andrei Loktionov.
15:04 of 3rd period - Stopped by Anders Lindback without a rebound.
15:05 of 3rd period - Yan Stastny wins face-off versus Michael Chaput in Wiprows zone.
15:13 of 3rd period - Icing by Torey Krug.
15:14 of 3rd period - Yan Stastny wins face-off versus Michael Chaput in Staline zone.
15:14 of 3rd period - Yan Stastny is hit by Michael Del Zotto.
15:24 of 3rd period - Slapshot by Yan Stastny.
15:24 of 3rd period - Shot Misses the Net.
15:55 of 3rd period - Minor Penalty to Brandon Bollig for Cross-checking.
15:56 of 3rd period - Anton Lander wins face-off versus Andrei Loktionov in Wiprows zone.
16:04 of 3rd period - Snap shot by Brian Gionta.
16:04 of 3rd period - Stopped by Anders Lindback without a rebound.
16:05 of 3rd period - Andrei Loktionov wins face-off versus Anton Lander in Wiprows zone.
17:28 of 3rd period - Slapshot by Andrei Loktionov.
17:28 of 3rd period - Shot Misses the Net.
17:42 of 3rd period - Slapshot by Nick Spaling.
17:42 of 3rd period - Stopped by Anders Lindback with a rebound.
17:44 of 3rd period - Snap shot by Nick Spaling.
17:44 of 3rd period - Stopped by Anders Lindback without a rebound.
17:45 of 3rd period - Jonathan Tremblay wins face-off versus Yan Stastny in Wiprows zone.
17:55 of 3rd period - Penalty to Brandon Bollig is over, Brandon Bollig is back on ice.
17:56 of 3rd period - Snap shot by Bryan Bickell.
17:56 of 3rd period - Deflect By Jiri Tlusty.
17:56 of 3rd period - Stopped by Anders Lindback with a rebound.
18:07 of 3rd period - Icing by Matt Niskanen.
18:08 of 3rd period - James Sheppard wins face-off versus Maxime Macenauer in Wiprows zone.
18:23 of 3rd period - Snap shot by James Sheppard.
18:23 of 3rd period - Shot Hit the Post.
19:01 of 3rd period - Snap shot by Teemu Pulkkinen.
19:01 of 3rd period - Stopped by Anders Lindback with a rebound.
19:03 of 3rd period - Slapshot by Danny Kristo.
19:03 of 3rd period - Stopped by Anders Lindback without a rebound.
19:04 of 3rd period - David Desharnais wins face-off versus Michael Chaput in Wiprows zone.
19:15 of 3rd period - Wrist shot by James Sheppard.
19:15 of 3rd period - Stopped by Anders Lindback with a rebound.
19:17 of 3rd period - Minor Penalty to Michael Chaput for Slashing.
19:18 of 3rd period - Andrei Loktionov wins face-off versus Anton Lander in Wiprows zone.
Goals for this period are 4 for Staline vs 3 for Wiprows.
Shots for this period are 16 for Staline vs 8 for Wiprows.
Back to the Top